 Dungeon Crawl Stone Soup version 0.28-a0-556-gab23d0e057 (webtiles) character file.

Game seed: 6775874504730229707

46 meatgazer the Chopper (level 3, -3/33 HPs)
             Began as a Hill Orc Monk on Sept 28, 2021.
             Was a Priest of Makhleb.
             Slain by a goblin (4 damage)
             ... led by Robin
             ... on level 2 of the Dungeon.
             The game lasted 00:01:09 (841 turns).

meatgazer the Chopper (Hill Orc Monk)                Turns: 841, Time: 00:01:10

Health: -3/33      AC:  2    Str: 14    XL:     3   Next: 66%
Magic:  3/3        EV: 12    Int: 10    God:    Makhleb [***...]
Gold:   32         SH:  0    Dex: 13    Spells: 2/2 levels left

rFire   . . .      SeeInvis .   a - +0 hand axe
rCold   . . .      Faith    .   (no shield)
rNeg    . . .      Spirit   .   b - +0 robe
rPois   +          Reflect  .   (no helmet)
rElec   .          Harm     .   (no cloak)
rCorr   .          Rampage  .   (no gloves)
Will    +....                   (no boots)
Stlth   ++........              (no amulet)
HPRegen 0.11/turn               (no ring)
MPRegen 0.08/turn               (no ring)

@: no status effects
A: strong-willed 1, poison resistance
a: Renounce Religion, Minor Destruction, Lesser Servant of Makhleb


You were on level 2 of the Dungeon.
You worshipped Makhleb.
Makhleb was most pleased with you.
You visited 1 branch of the dungeon, and saw 2 of its levels.

You collected 32 gold pieces.

Inventory:

Hand Weapons
 a - a +0 hand axe (weapon)
Armour
 b - a +0 robe (worn)
 k - a +0 buckler
Jewellery
 e - a ring of see invisible
Scrolls
 c - a scroll of fear {unknown}
 d - a scroll of fog {unknown}
 f - a scroll of enchant armour {unknown}
 h - a scroll of brand weapon {unknown}
 i - 2 scrolls of identify {unknown}
 j - a scroll of blinking {unknown}
Potions
 g - a potion of mutation


   Skills:
 + Level 4.2 Fighting
 + Level 4.6 Axes
 + Level 2.7 Dodging
 + Level 2.1 Stealth


You had 2 spell levels left.
You didn't know any spells.
Your spell library was empty.

Dungeon Overview and Level Annotations

Branches:
Dungeon (2/15)

Altars:
Makhleb


Innate Abilities, Weirdness & Mutations

You are strong-willed. (Will+)
Your system is resistant to poisons. (rPois)


Message History

Robin closely misses you.
You closely miss Robin.
Robin is almost dead.
Robin roars a battlecry!
The hobgoblins go into a battle-frenzy!
You hit Robin but do no damage.
Robin is almost dead.
The hobgoblin no longer looks unusually strong.
Robin hits you with a +0 whip.
* * * LOW HITPOINT WARNING * * *
You completely miss Robin.
Robin is almost dead.
Robin hits you with a +0 whip.
* * * LOW HITPOINT WARNING * * *
You hit Robin but do no damage.
Robin is almost dead.
Robin misses you.
You hit Robin.
You kill Robin!
Makhleb accepts your kill.
You barely miss the hobgoblin. The hobgoblin misses you.
You closely miss the hobgoblin. The hobgoblin misses you.
You hit the hobgoblin.
The hobgoblin is severely wounded.
The hobgoblin closely misses you.
You barely miss the hobgoblin.
The hobgoblin is severely wounded.
The hobgoblin barely misses you.
You hit the hobgoblin.
You kill the hobgoblin!
Makhleb accepts your kill.
You can now summon a lesser servant of Makhleb.
The goblin unwields a +0 dagger.
The goblin wields a +0 hunting sling.
The goblin shoots a stone.
The stone closely misses you.
The goblin unwields a +0 hunting sling.
The goblin wields a +0 dagger.
The goblin hits you with a +0 dagger.
* * * LOW HITPOINT WARNING * * *
Items here: ! ) [[ †.
You closely miss the goblin. The goblin hits you with a +0 dagger.
You die...

#. #.####
#...###############
##......)))@ggg...#
#.###.#########...
##. #.....#
#..###.###.#
.#.....###.#####..
##................
#.<..............
#...<####.####>..
####.# #.# #.


You could see 2 hobgoblins and a goblin (strong).

Vanquished Creatures
  Robin (D:2)
  A dart slug (D:1)
  3 bats (D:1)
  3 endoplasms (D:1)
  6 goblins
  7 hobgoblins
  3 kobolds (D:1)
  A quokka (D:1)
  A ball python (D:1)
  4 frilled lizards (D:1)
30 creatures vanquished.

Vanquished Creatures (others)
  12 plants (D:1)
  4 withered plants (D:1)
16 creatures vanquished.

Grand Total: 46 creatures vanquished

Notes
Turn   | Place    | Note
-------+----------+-------------------------------------------
     0 | D:1      | meatgazer the Hill Orc Monk began the quest for the Orb.
     0 | D:1      | Reached XP level 1. HP: 19/19 MP: 1/1
   143 | D:1      | Reached XP level 2. HP: 27/27 MP: 2/2
   409 | D:1      | Reached XP level 3. HP: 24/33 MP: 3/3
   660 | D:1      | Found a faded altar of an unknown god.
   696 | D:1      | Became a worshipper of Makhleb the Destroyer
   696 | D:1      | Reached * piety under Makhleb
   696 | D:1      | Reached ** piety under Makhleb
   810 | D:2      | Noticed Robin
   825 | D:2      | Gained mutation: Your system is resistant to poisons.
                  | (rPois) [potion of mutation]
   825 | D:2      | Gained mutation: You are strong-willed. (Will+) [potion of
                  | mutation]
   832 | D:2      | HP: 1/33 [Robin (4)]
   834 | D:2      | Killed Robin
   839 | D:2      | Reached *** piety under Makhleb
   840 | D:2      | HP: 1/33 [goblin[Robin] (1)]
   841 | D:2      | Slain by a goblin

Illustrated notes

Levels and vault maps discovered:
D:1:      scummos_arrival_simple_crosswalls, layout_rooms,
          shapermc_ecumenical_altar_flowoftime
D:2:      layout_loops_ring, uniq_robin

Skill      XL: |  1  2  3 |
---------------+----------+-----
Fighting       | 4 |  4.2
Stealth        | 2 |  2.1
Axes           | |  4.6
Dodging        | |  2.7

Action                   || total
-------------------------++-------
Melee: Hand axe          ||    96
  Use: Potion            ||     1
 Stab: Sleeping          ||     5
Armor: Robe              ||     9
Dodge: Dodged            ||    43

Table legend: (Time is in decaauts)
 A = Elapsed time spent in this place.
 B = Non-inter-level travel time spent in this place.
 C = Inter-level travel time spent in this place.
 D = Time resting spent in this place.
 E = Time spent auto-exploring this place.
 F = Levels seen in this place.
 G = Mean time per level.
                   A        B        C        D        E       F      G
               +--------+--------+--------+--------+--------+-----+--------+
         Total |    848 |    842 |      6 |      0 |    640 |   2 |  424.0 |
       Dungeon |    848 |    842 |      6 |      0 |    640 |   2 |  424.0 |
               +--------+--------+--------+--------+--------+-----+--------+

Top non-repeatable levels by time:
     D:1: 791 daAuts
     D:2: 56 daAuts
